AoeStats
← Leboeuf

Pilgrims

510246297Analyzed
4v4 RM · 15h ago on Sep 30, 2026· 46m 41s· 8 players
Game mode
Random Map
Map size
Large (8 player)
Population
200
Speed
Normal
Resources
Standard
Victory
Conquest
Starting age
Dark Age
Ending age
Imperial Age
RankedLock teamsTeams togetherTeam positionsShared explorationLock speedFull tech treeHidden civsTurbo modeCheats
Victory
Defeat
🇳🇿 Romans · New Zealand
1201
+13
🇨🇱 Khmer · Chile
1097
+17
🇧🇷 Georgians · Brazil
1064
+18
🇲🇽 Bengalis · Mexico
1028
+20
🇦🇷 Saracens · Argentina
1122
-17
🇲🇽 Vikings · Mexico
1120
-17
🇨🇦 Vietnamese · Canada
1114
-17
🇨🇱 Wu · Chile
1110
-17
Leboeuf
8:06 Loom
11:23 Feudal Age
13:15 Town Watch
15:44 Double-Bit Axe
19:17 Castle Age
18:29 Horse Collar
20:13 Stone Mining
21:47 Wheelbarrow
23:55 Heavy Plow
24:19 Thumb Ring
24:11 Fletching
25:42 Padded Archer Armor
25:38 Bodkin Arrow
32:09 Bow Saw
31:52 Gold Mining
42:24 Hand Cart
Chelowolf
5:55 Loom
10:08 Feudal Age
11:48 Fletching
19:06 Castle Age
20:32 Bodkin Arrow
24:18 Red Cliffs Tactics
31:51 Pikeman
LadenStone72050
3:50 Loom
12:50 Feudal Age
14:07 Wheelbarrow
13:50 Double-Bit Axe
13:58 Fletching
19:33 Castle Age
20:28 Medium Warships
20:29 Bodkin Arrow
23:11 Hand Cart
24:02 Ballistics
25:12 Clinker Construction
25:01 Fishing Lines
39:16 Imperial Age
37:45 Careening
39:04 Gillnets
42:05 Chemistry
41:17 Elite Mameluke
42:52 Heavy Warships
42:51 Bracer
44:48 Forging
44:44 Scale Barding Armor
45:03 Bimaristan
46:45 Iron Casting
47:18 Conscription
BerC
12:21 Feudal Age
17:02 Castle Age
14:51 Double-Bit Axe
15:15 Fletching
16:53 Fishing Lines
17:50 Bodkin Arrow
17:57 Loom
21:10 Ballistics
22:03 Fishing Lines
24:09 Gillnets
25:15 Bow Saw
26:47 Forging
26:37 Scale Mail Armor
27:04 Squires
26:51 Arson
26:29 Man-at-Arms
26:31 Pikeman
29:18 Long Swordsman
31:58 Padded Archer Armor
40:16 Imperial Age
38:14 Horse Collar
39:12 Heavy Plow
40:20 Iron Casting
40:00 Chain Mail Armor
40:23 Two-Handed Swordsman
42:19 Two-Man Saw
42:59 Blast Furnace
42:29 Plate Mail Armor
43:39 Plate Mail Armor
Dr_muerte_23
11:30 Feudal Age
10:54 Loom
14:46 Fishing Lines
15:57 Gold Mining
15:58 Double-Bit Axe
16:06 Fletching
23:46 Castle Age
22:42 Wheelbarrow
24:44 Bodkin Arrow
25:05 Bow Saw
26:44 Clinker Construction
26:45 Careening
26:52 Medium Warships
27:13 Stone Mining
27:17 Demolition Ship
28:31 Ballistics
28:18 Siphons
30:27 Hand Cart
34:15 Horse Collar
34:51 Masonry
36:08 Heavy Plow
36:51 Gold Shaft Mining
36:28 Town Watch
37:58 Town Patrol
42:31 Imperial Age
40:29 Paiks
40:31 Husbandry
41:47 Forging
41:43 Scale Barding Armor
42:47 Padded Archer Armor
43:19 Bloodlines
43:47 Conscription
44:29 Iron Casting
43:57 Bracer
45:06 Mahayana
46:02 Crop Rotation
47:03 Chemistry
46:16 Elite Ratha (Ranged)
47:27 Leather Archer Armor
47:47 Architecture
HeC_SantosFC
4:09 Loom
14:30 Feudal Age
15:46 Wheelbarrow
14:59 Double-Bit Axe
16:07 Man-at-Arms
16:33 Arson
19:31 Fletching
19:57 Padded Archer Armor
32:09 Castle Age
32:13 Forging
33:12 Medium Warships
33:02 Bodkin Arrow
34:32 Leather Archer Armor
35:53 Bow Saw
36:31 Town Watch
40:31 Ballistics
40:53 Town Patrol
42:31 Elite Skirmisher
Felix
4:01 Loom
12:21 Feudal Age
16:03 Castle Age
15:02 Bloodlines
15:00 Horse Collar
15:56 Scale Barding Armor
16:31 Wheelbarrow
16:57 Double-Bit Axe
17:17 Husbandry
17:30 Forging
20:29 Fishing Lines
21:46 Town Watch
23:17 Chain Barding Armor
23:25 Gold Mining
27:27 Iron Casting
34:08 Fletching
34:35 Hand Cart
34:13 Stone Mining
34:36 Bow Saw
34:27 Heavy Plow
37:12 Imperial Age
34:43 Town Patrol
35:42 Bodkin Arrow
39:01 Elite Battle Elephant
40:52 Blast Furnace
40:28 Plate Barding Armor
41:49 Crop Rotation
41:56 Gold Shaft Mining
42:03 Stone Shaft Mining
42:18 Bracer
43:16 Conscription
43:01 Tusk Swords
44:14 Elite Ballista Elephant
45:07 Double Crossbow
46:37 Padded Archer Armor
[OTM]thebearjew
5:26 Loom
11:06 Feudal Age
12:43 Wheelbarrow
11:55 Double-Bit Axe
17:26 Castle Age
16:51 Horse Collar
18:11 Man-at-Arms
18:52 Squires
19:27 Long Swordsman
20:11 Scale Mail Armor
20:21 Forging
21:49 Chain Mail Armor
23:39 Iron Casting
24:05 Pikeman
25:56 Hand Cart
29:00 Bow Saw
28:52 Heavy Plow
32:28 Imperial Age
34:47 Elite Skirmisher
37:33 Fletching
37:44 Padded Archer Armor
38:45 Blast Furnace
39:54 Leather Archer Armor
39:28 Capped Ram
40:58 Ballistics
42:05 Bodkin Arrow
42:41 Ring Archer Armor
42:02 Legionary
43:33 Murder Holes
44:41 Siege Engineers
45:47 Halberdier
46:54 Scale Barding Armor
Connection lost

Rejoining the realm…

Still unreachable

The connection could not be restored.

Session expired

The server has moved on; the page needs a fresh start.